 Dungeon Crawl Stone Soup version 0.28-a0-1374-ga75cb3825e (webtiles) character file.

Game seed: 9119104303775630594

620721 demibob the Wrestler (level 27, -2/245 HPs)
             Began as a Demonspawn Wanderer on Dec 22, 2021.
             Was the Champion of Makhleb.
             Killed from afar by a Killer Klown (24 damage)
             ... with a klown pie
             ... on level 5 of the Realm of Zot on Dec 31, 2021.
             The game lasted 03:27:54 (74552 turns).

demibob the Wrestler (Demonspawn Wanderer)         Turns: 74552, Time: 03:27:55

Health: -2/245     AC: -4    Str: 22 (24) XL:     27
Magic:  38/38      EV: 20    Int: 15 (17) God:    Makhleb [******]
Gold:   6914       SH:  0    Dex: 17 (18) Spells: 33/33 levels left

rFire   . . .      SeeInvis .     - Unarmed
rCold   . . .      Faith    .   (shield currently unavailable)
rNeg    . . .      Spirit   .   (armour currently unavailable)
rPois   .          Reflect  .   (helmet currently unavailable)
rElec   .          Harm     .   (cloak currently unavailable)
rCorr   .          Rampage  .   (gloves currently unavailable)
Will    ++...      Clarity  +   (boots currently unavailable)
Stlth   +++.......              k - amulet "Fiytzick" {Regen+ Int+2 Dex+4}
HPRegen 0.00/turn               (ring currently unavailable)
MPRegen 0.26/turn               (ring currently unavailable)

@: pig-form, silenced (expiring), unable to drink, corroded, vertiginous, sick,
studying 6 skills, very quick
A: fast, no casting, small, powered by pain 3, (spiny 3), black mark, (sharp
scales 3), bedeviling, aura of silence, (weakness stinger 3), clarity, clever 1,
clumsy 1, (electricity resistance), noise suppression
}: 3/15 runes: serpentine, barnacled, silver
a: Renounce Religion


You were on level 5 of the Realm of Zot.
You worshipped Makhleb.
Makhleb was exalted by your worship.
You were a filthy swine.
You visited 10 branches of the dungeon, and saw 51 of its levels.
You visited the Abyss 3 times.
You also visited: Bailey and Wizlab.

You collected 9828 gold pieces.
You spent 2914 gold pieces at shops.


Innate Abilities, Weirdness & Mutations

You are a filthy swine.
You move quickly.
Your equipment is almost entirely melded.
You are incapable of wielding weapons or throwing items.
You cannot cast spells.
You are powered by pain.
((You are completely covered in sharp spines.))
Your melee attacks may debilitate your foes.
((You are completely covered in razor-sharp scales. (AC +3, Slay +3)))
Your hexes are more powerful.
You are surrounded by an aura of silence.
((You have a sharp stinger which inflicts weakening toxins.))
You possess an exceptional clarity of mind.
Your mind is acute. (Int +2)
You are clumsy. (Dex -2)
((You are resistant to electric shocks. (rElec)))
You passively dampen the noise of your surroundings.


   Skills:
 - Level 26.0 Fighting
 - Level 1.0(4.4) Slings
 + Level 6.9(7.0) Throwing
 - Level 18.2 Armour
 - Level 16.1 Dodging
 + Level 7.5 Stealth
 - Level 12.0 Shields
 - Level 26.0 Unarmed Combat
 - Level 3.7 Spellcasting
 + Level 7.5 Conjurations
 + Level 6.8 Translocations
 + Level 6.8 Ice Magic
 - Level 23.3 Invocations


You had 33 spell levels left.
You didn't know any spells.
Your spell library contained the following spells:

 Spells                   Type           Power      Damage    Failure   Level
 Magic Dart               Conj           100%       1d8       3%          1
 Blink                    Tloc           46%        N/A       4%          2
 Searing Ray              Conj           50%        2d6       4%          2
 Frozen Ramparts          Ice            46%        1d6       8%          3
 Gell's Gravitas          Tloc           23%        N/A       8%          3
 Lesser Beckoning         Tloc           23%        N/A       8%          3
 Teleport Other           Tloc           23%        N/A       8%          3
 Static Discharge         Conj/Air       14%        N/A       13%         2
 Passage of Golubria      Tloc           23%        N/A       21%         4
 Dazzling Flash           Conj/Hex       42%        N/A       22%         3
 Stone Arrow              Conj/Erth      28%        3d8       22%         3
 Portal Projectile        Hex/Tloc       38%        N/A       26%         3
 Sandblast                Erth           4%         2d4       32%         1
 Slow                     Hex            16%        N/A       32%         1
 Mephitic Cloud           Conj/Pois/Air  10%        N/A       34%         3
 Iskenderun's Battlesphe  Conj           25%        2d8       36%         5
 Corpse Rot               Necr/Air       4%         N/A       43%         2
 Passwall                 Tmut/Erth      1%         N/A       43%         2
 Sublimation of Blood     Necr           2%         N/A       43%         2
 Manifold Assault         Tloc           23%        N/A       45%         5
 Fulminant Prism          Conj/Hex       10%        3d9       52%         4
 Ice Form                 Ice/Tmut       13%        N/A       56%         4
 Summon Ice Beast         Ice/Summ       13%        N/A       56%         4
 Confusing Touch          Hex            4%         N/A       65%         3
 Ignite Poison            Fire/Tmut/Pois 2%         N/A       65%         3
 Inner Flame              Hex/Fire       4%         N/A       65%         3
 Vampiric Draining        Necr           2%         2d6       65%         3
 Freezing Cloud           Conj/Ice/Air   8%         6-21      71%         5
 Fireball                 Conj/Fire      7%         3d5       85%         5
 Irradiate                Conj/Tmut      7%         3d16      85%         5
 Lightning Bolt           Conj/Air       7%         1d19      85%         5
 Metabolic Englaciation   Hex/Ice        9%         N/A       87%         5
 Summon Forest            Summ/Tloc      6%         N/A       87%         5
 Dispersal                Tloc           11%        N/A       93%         6
 Airstrike                Air            1%         N/A       95%         4
 Animate Dead             Necr           1%         N/A       95%         4
 Cause Fear               Hex            2%         N/A       95%         4
 Dispel Undead            Necr           2%         3d7       95%         4
 Petrify                  Tmut/Erth      2%         N/A       95%         4
 Summon Lightning Spire   Summ/Air       2%         N/A       95%         4
 Agony                    Necr           2%         N/A       100%        5
 Blade Hands              Tmut           1%         N/A       100%        5
 Borgnjor's Vile Clutch   Necr/Erth      1%         N/A       100%        5
 Excruciating Wounds      Necr           1%         N/A       100%        5
 Silence                  Hex/Air        2%         N/A       100%        5
 Yara's Violent Unravell  Hex/Tmut       2%         3d3       100%        5
 Conjure Ball Lightning   Conj/Air       7%         3x3d6     100%        6
 Death Channel            Necr           1%         N/A       100%        6
 Eringya's Noxious Bog    Tmut/Pois      1%         N/A       100%        6
 Iron Shot                Conj/Erth      7%         9d2       100%        6
 Simulacrum               Ice/Necr       6%         N/A       100%        6
 Starburst                Conj/Fire      7%         6d4       100%        6
 Statue Form              Tmut/Erth      1%         N/A       100%        6
 Dragon Form              Tmut           1%         N/A       100%        7
 Haunt                    Necr/Summ      1%         N/A       100%        7
 Orb of Destruction       Conj           12%        9d6       100%        7
 Spellforged Servitor     Conj/Summ      7%         N/A       100%        7
 Storm Form               Tmut/Air       1%         N/A       100%        7
 Summon Hydra             Summ           1%         N/A       100%        7
 Discord                  Hex            2%         N/A       100%        8
 Disjunction              Tloc           11%        N/A       100%        8
 Infestation              Necr           1%         N/A       100%        8
 Lehudib's Crystal Spear  Conj/Erth      7%         10d3      100%        8
 Maxwell's Capacitive Co  Air            1%         ∞         100%        8
 Summon Horrible Things   Summ           1%         N/A       100%        8
 Dragon's Call            Summ           1%         N/A       100%        9
 Polar Vortex             Ice            11%        N/A       100%        9

Inventory:

Missiles
 d - 5 throwing nets {=f}
Armour
 s - +5 fire dragon scales (melded)
 u - the +0 pair of gloves "Uplam" (melded) {rC+ Stlth+}
   (You found it on level 1 of the Shoals)

   rC:        It protects you from cold.
   Stlth:     It makes you more stealthy.
 z - the +3 pair of seven-league boots (melded) {Rampage+∞}
   (You bought it in a shop on level 3 of the Depths)

   Its wearer moves as far as possible in that direction when moving towards
   enemies.
 B - a +1 helmet (melded)
 K - the +3 warlock's mirror (melded) {reflect}
   (You acquired it on level 3 of the Lair of Beasts)

   It can block and reflect piercing ranged attacks and magical attacks against
   the wielder's willpower.
Jewellery
 e - a +4 ring of evasion
 k - the amulet "Fiytzick" (around neck) {Regen+ Int+2 Dex+4}
   (You found it on level 3 of the Crypt)

   [amulet of regeneration]

   Int:       It affects your intelligence (+2).
   Dex:       It affects your dexterity (+4).
   Regen:     It increases your rate of health regeneration.
 n - the ring "Qifipheu" {+Blink Fly rPois rC+ Dex+2}
   (You acquired it on level 2 of the Snake Pit)

   [ring of poison resistance]

   Dex:       It affects your dexterity (+2).
   rC:        It protects you from cold.
   rPois:     It protects you from poison.
   Fly:       It grants you flight.
   +Blink:    It lets you blink.
 x - the ring of Qazlal's Approval (melded) {rPois rF+ rN+ AC+4 Str-5}
   (You acquired it in a wizard's laboratory)

   [ring of protection]

   AC:        It affects your AC (+4).
   Str:       It affects your strength (-5).
   rF:        It protects you from fire.
   rPois:     It protects you from poison.
   rN:        It protects you from negative energy.
 E - a +4 ring of evasion
 J - the ring "Fiadacwau" (melded) {Will+ Dex+3 SInv}
   (You found it on level 2 of the Depths)

   [ring of see invisible]

   Dex:       It affects your dexterity (+3).
   SInv:      It lets you see invisible.
   Will:      It increases your willpower.
 L - a ring of flight
 M - the ring "Ysaduiguff" {rElec rCorr Int+5 Dex-3}
   (You found it on level 4 of the Realm of Zot)

   [ring of resist corrosion]

   Int:       It affects your intelligence (+5).
   Dex:       It affects your dexterity (-3).
   rElec:     It insulates you from electricity.
   rCorr:     It protects you from acid and corrosion.
 R - a ring of resist corrosion
 S - the amulet "Yfoj" {RegenMP rElec Str+4}
   (You found it on level 4 of the Realm of Zot)

   [amulet of magic regeneration]

   It increases your rate of magic regeneration.
   Str:       It affects your strength (+4).
   rElec:     It insulates you from electricity.
 W - a ring of willpower
Wands
 a - a wand of charming (6)
 b - a wand of flame (105)
 h - a wand of digging (20)
 q - a wand of polymorph (12)
 D - a wand of paralysis (24)
 G - a wand of acid (7)
 Q - a wand of iceblast (26)
Scrolls
 f - 8 scrolls of teleportation {@r2}
 i - 7 scrolls of fog
 m - 7 scrolls of fear
 C - a scroll of summoning
 H - a scroll of blinking
 U - 2 scrolls of magic mapping
 V - 29 scrolls of identify {@r1}
Potions
 g - 2 potions of berserk rage {!q}
 l - a potion of cancellation
 o - a potion of magic
 p - 2 potions of haste {@q3}
 r - 5 potions of attraction
 t - a potion of ambrosia
 y - 3 potions of flight
 A - 6 potions of resistance
 F - 8 potions of mutation
 I - 2 potions of brilliance
 N - a potion of invisibility
 X - 7 potions of curing {@q1}
Miscellaneous
 c - a phantom mirror
 j - a piece from Xom's chessboard (15/15)
 O - a phial of floods
 P - a box of beasts
 T - a condenser vane
 Z - a lightning rod (4/4)

Dungeon Overview and Level Annotations

Branches:
Dungeon (15/15)            Temple (0/1) D:5            Lair (6/6) D:11
 Shoals (4/4) Lair:3        Snake (4/4) Lair:3        Slime (0/5) Lair:5
    Orc (2/2) D:9             Elf (3/3) Orc:2        Vaults (5/5) D:14
  Crypt (3/3) Vaults:3       Tomb (0/3) Crypt:3      Depths (4/4) D:15
    Zot (5/5) Depths:4     Bailey (visited)          WizLab (visited)

Altars:
Cheibriados
Elyvilon
Fedhas
Kikubaaqudgha
Makhleb
Trog
Uskayaw
Wu Jian
Yredelemnul
The Shining One
Beogh
Jiyva

Shops:
D:7 !   Orc:2 ?[=(   Shoals:2 (   Shoals:4 *   Depths:3 [:[=::*

Portals:
Hell: Depths:1 Depths:2 Depths:3 Depths:4
Abyss: Depths:1 Depths:3
Pandemonium: Depths:2
Ziggurat: Depths:4

Annotations:
D:2 1 runed translucent door, Crazy Yiuf
D:9 1 runed translucent door, siradein's ghost, novice MiFi
Shoals:4 3 runed translucent doors, HilariousDeathArtist's ghost, adept SpBr; Strewth's ghost, adept MiBe; rlgrobin's ghost, adept TrTm; rougesareth's ghost, adept GrEE
Elf:2 3 runed translucent doors

****** *,,,,^,,,,,,,,,,,,,,,,,,,*
**^,,,,,,,,,,,,,,,,^,,,,**
***,,,,,,,,,,,,,...,,,**
****,,,,,,,,,....,,**
▒███████████▒▒....,**
▒▒▒..)d............§,,**
▒▒....▒▒.^..^........,,^**
▒▒▒▒▒▒▒...▒▒▒..).9......^.d,,,,**
.^.......▒▒▒....hp.)^......,,,,,*
........▒▒ ▒....)d.........^,,,,*
....^...▒ ▒.......^.......,,,,,*
.......▒▒ ▒...............,,,,,*
.......▒ ▒.^...p.........,,,,^*
.......▒▒ ▒...............,,,,,*
........▒ ▒▒..............,,,,**
...)....▒▒ ▒▒..........^..,,,**
.........▒ ▒▒....^..)....,,**


You could see 2 Killer Klowns, an electric golem (unsilenced), a yellow
draconian (catching breath) and a red draconian (unsilenced).


Message History

* * * LOW HITPOINT WARNING * * *
The electric golem hits you!
* * * LOW HITPOINT WARNING * * *
The electric golem shocks you!
* * * LOW HITPOINT WARNING * * *
The electric golem hits you!
* * * LOW HITPOINT WARNING * * *
The electric golem hits you.
* * * LOW HITPOINT WARNING * * *
The yellow draconian annihilator casts a spell.
The yellow draconian annihilator blinks!
The electric golem hits you!
* * * LOW HITPOINT WARNING * * *
The electric golem shocks you!!
* * * LOW HITPOINT WARNING * * *
The electric golem misses you. The electric golem hits you.
* * * LOW HITPOINT WARNING * * *
The electric golem misses you. The Killer Klown misses you.
Magic scrolls do not work when you're silenced!
You feel much better. The yellow draconian spits acid at you.
The glob of acid hits you!!
* * * LOW HITPOINT WARNING * * *
The acid corrodes you! The electric golem closely misses you.
The electric golem barely misses you. The electric golem misses you.
The electric golem hits you.
* * * LOW HITPOINT WARNING * * *
The Killer Klown pies you viciously! The klown pie hits you!!
Lemon!
You feel unable to drink.
You die...

Skill      XL: |  1  2  3  4  5  6  7  8  9 10 11 12 13 14 15 16 17 18 19 20 21 22 23 24 25 26 |
---------------+-------------------------------------------------------------------------------+-----
Unarmed Combat | 1 2 4 5 6 7 9 11 13 15 17 18 19 20 21 22 23 24 25 26 | 26.0
Invocations    | 2 5 8 12 15 16 20 23 | 23.3
Armour         | 2 4 6 8 11 13 15 17 18 | 18.2
Shields        | 3 4 10 11 12 | 12.0
Fighting       | 6 9 11 13 17 19 20 22 23 24 25 26 | 26.0
Dodging        | 8 11 15 16 | 16.1
Spellcasting   | 3 |  3.7
Throwing       | 6 |  6.9
Stealth        | 7 |  7.5
Conjurations   | 7 |  7.5
Ice Magic      | 6 |  6.8
Translocations | 6 |  6.8
Slings         | |  1.0

Action                   |  1- 3 |  4- 6 |  7- 9 | 10-12 | 13-15 | 16-18 | 19-21 | 22-24 | 25-27 || total
-------------------------+-------+-------+-------+-------+-------+-------+-------+-------+-------++-------
Melee: Unarmed           |    52 |    80 |   273 |   573 |  1454 |  1546 |  1168 |  2348 |  1599 ||  9093
       Tailslap          |     4 |    12 |    46 |   111 |   300 |   331 |   214 |   498 |   406 ||  1922
       Punch             |       |     1 |    10 |    35 |       |       |       |       |       ||    46
 Fire: Hunting sling     |    25 |       |       |       |       |       |       |       |       ||    25
Invok: Minor Destruction |       |       |     2 |     1 |       |       |       |       |       ||     3
       Lesser Servant of |       |       |     1 |     6 |    10 |     4 |       |       |       ||    21
       Greater Servant o |       |       |       |       |     3 |    11 |     5 |     2 |     5 ||    26
       Major Destruction |       |       |       |       |       |       |       |       |     1 ||     1
Evoke: Wand              |       |       |     4 |    13 |     2 |     8 |     2 |     7 |       ||    36
       Condenser vane    |       |       |       |       |     2 |     6 |     4 |     7 |     3 ||    22
       Box of beasts     |       |       |       |       |     1 |     2 |       |       |       ||     3
       Phial of floods   |       |       |       |       |     1 |     1 |     1 |     1 |       ||     4
       Lightning rod     |       |       |       |       |       |       |       |     2 |       ||     2
  Use: Scroll            |       |       |    16 |    10 |    11 |    14 |    10 |    22 |    10 ||    93
       Potion            |       |       |     1 |    11 |    12 |    10 |    10 |     9 |     6 ||    59
 Stab: Distracted        |       |       |     1 |     1 |     5 |     4 |     2 |     4 |     1 ||    18
       Petrified         |       |       |       |       |     9 |    12 |       |       |       ||    21
       Confused          |       |       |       |       |     1 |    12 |     9 |     5 |     4 ||    31
       Sleeping          |       |       |       |       |       |       |       |       |     1 ||     1
Armor: Leather armour    |    17 |    17 |    43 |       |       |       |       |       |       ||    77
       Steam dragon scal |       |       |     9 |     6 |       |       |       |       |       ||    15
       Plate armour      |       |       |       |   252 |   545 |   666 |   448 |   807 |       ||  2718
       Fire dragon scale |       |       |       |       |       |       |       |       |   577 ||   577
Dodge: Dodged            |    49 |    35 |   150 |   245 |   392 |   591 |   437 |   694 |   775 ||  3368
Block: Buckler           |       |       |       |    36 |   412 |   441 |   340 |   716 |   612 ||  2557
       Reflection        |       |       |       |     1 |    27 |    57 |    94 |    63 |    44 ||   286

Levels and vault maps discovered:
D:1:      doesnt_arrival_eight_statues, layout_basic,
          dreamdust_ecumenical_altar_drowned_temple, st_stairs_9,
          serial_park_tiny_1
D:2:      layout_basic, nrook_mini_backslash, kennysheep_pointless_box,
          uniq_crazy_yiuf_cottage, uniq_natasha, uniq_sigmund
D:3:      layout_loops_ring, moated_statue
D:4:      layout_gridville
D:5:      layout_gridville, temple_statues, grunt_decor_one_mirror
D:6:      layout_cave_pods, nicolae_overflow_hidden_temple
D:7:      layout_rooms, serial_shops, nicolae_shop_waterfront
D:8:      layout_rooms
D:9:      layout_stronghold, orc_0_dummy, ebering_ghost_inner_flame
D:10:     layout_basic, enter_bailey_3, nicolae_concentric_dashed_squares_wild,
          skrybe_limestone_x, minmay_fractal_squares_diagonal_5
D:11:     layout_loops_cross, minmay_lair_entry_grove, tso_altar, uniq_erica,
          uniq_urug
D:12:     layout_cave_pods, billiards_dpeg, uniq_josephine
D:13:     layout_basic, drop_trap, uniq_erolcha
D:14:     layout_rooms, ximxim_vaults_locker_room, glass_columns_a,
          fedhas_altar_3, uniq_frances, uniq_azrael, uniq_louise, uniq_nessos,
          uniq_jorgrun
D:15:     hangedman_depths_entry_try_elsewhere_first, layout_loops_ring,
          chequers_serial_rivers_micro_b, beargit_elvish_explorers
Lair:1:   layout_gridlike, disabler_island, grunt_megastairs_3,
          lemuel_fruit_fields
Lair:2:   layout_hall_layers
Lair:3:   layout_loops_ring, minmay_shoals_entry_centaurs,
          guppyfry_snake_entry_garden, beast_lair_carwin_10, lemuel_fruit_tree
Lair:4:   layout_hall_layers
Lair:5:   layout_regular_city, slime_altar_1
Lair:6:   grunt_lair_end_beastmaster, layout_regular_city, basic_altar,
          grunt_megastairs_5, serial_bayou_shore_a
Shoals:1: layout_shoals, st_sunken_temple
Shoals:2: layout_shoals, nicolae_stop_n_shop_1, uniq_roxanne
Shoals:3: argonaut_golden_fleece, layout_shoals
Shoals:4: shoals_end_simple, layout_shoals, serial_shops, nicolae_diamond_shop,
          gammafunk_ghost_cemetery, uniq_polyphemus, uniq_bai_suzhen
Snake:1:  layout_honeycomb
Snake:2:  layout_onion, hangedman_snake_corridor_cut
Snake:3:  layout_onion_interference, basic_altar
Snake:4:  snake_pit, layout_basic, special_room
Orc:1:    layout_diamond_mine, basic_altar
Orc:2:    pubby_orc_utopia
Elf:1:    minmay_elf_arrival_circle, layout_gridlike, minmay_elf_sorcery,
          minmay_misc_feat_pillars
Elf:2:    nicolae_elf_blades_splatter_lattice
          [nicolae_blade_entry_crossed_weapons], layout_loops_cross
Elf:3:    grunt_elf_hall_asides, layout_gridlike
Vaults:1: vaults_mumra_chevron, vaults_dpeg_ring, hangedman_vaults_maws,
          v_misc_11, ontoclasm_vaults_spin,
          vaults_standard_mumra_enter_the_diamond, grunt_vaults_hallway_short,
          hangedman_vaults_capsules, v_misc_27, layout_vaults_quadrants
Vaults:2: nicolae_vaults_yaktaur_gun_rack, nicolae_vaults_three_branches,
          nicolae_vaults_specimen_jars, ontoclasm_vaults_eye,
          nicolae_vaults_shelves_hall, nicolae_vaults_triangles,
          nicolae_vaults_circle_grid_b, vaults_dpeg_doors,
          nicolae_vaults_holding_cells, vaults_room_hallway,
          vaults_mumra_minichess_inversion, layout_vaults_maze_snakey
Vaults:3: infiniplex_enter_wizlab_water, nicolae_vaults_network_barrier,
          minmay_crypt_entry_necro_gods, nicolae_vaults_theta,
          grunt_vaults_hallway_short, nicolae_vaults_network_square,
          ontoclasm_vaults_hangar, vaults_room_door_hall,
          vaults_room_hangedman_quadrants, layout_vaults_big_room, uniq_sojobo
Vaults:4: hangedman_vaults_pinch, vaults_dpeg_spiral,
          ontoclasm_vaults_ring_large, nicolae_vaults_gold_heap,
          grunt_vaults_trifunnel, v_pattern_3, v_misc_2, vaults_room_octagon,
          special_room_vaults [special_room_orc], v_misc_25,
          nicolae_vaults_little_squares_4, layout_vaults_omnicross, uniq_margery
Vaults:5: serial_shops
Crypt:1:  layout_misc_corridors, lemuel_freeze_loot_1
Crypt:2:  layout_misc_corridors, grunt_megastairs_4
Crypt:3:  evilmike_haunted_forest, uniq_mennas
Depths:1: minmay_textured_paths, layout_basic, serial_bayou_lagoon_a,
          abyss_entry_crystal, pf_hell_entry_tar_river, elyvilon_altar_3
Depths:2: gammafunk_dig_for_victory, layout_basic, rand_demon_pan_entry_5,
          hell_entry, amcnicky_mini_pool_small, grunt_megastairs_2,
          infiniplex_staircase_pillars_3a, serial_bayou_shore_b,
          serial_bayou_shore_b, serial_bayou_shore_b
Depths:3: nzn_winding_woodlands_small [nzn_winding_woodlands_5x15_twine,
          nzn_winding_woodlands_center_diamonds,
          nzn_winding_woodlands_5x15_eye], layout_cave_pools,
          minmay_stone_trees_small, serial_shops, shop_fountains, shop, shop,
          shop, hell_entry, minmay_room_of_horrors, minmay_swirly_circle,
          infiniplex_staircase_split_hallway, serial_bayou_shore_b,
          minmay_shop_grove, firewood_loft
Depths:4: grunt_twist_and_shout, layout_honeycomb, enter_ziggurat_e,
          pf_vacation_house_of_asmodeus, gammafunk_ghost_smash,
          cheibriados_altar_1, uniq_saint_roka
Zot:1:    layout_cellular_growth
Zot:2:    layout_basic, st_stairs_1
Zot:3:    layout_onion_interference, skrybe_zot_glass_1
Zot:4:    gammafunk_its_a_trap, layout_twisted_circle
Zot:5:    layout_misc_corridors

Notes
Turn   | Place    | Note
-------+----------+-------------------------------------------
     0 | D:1      | demibob the Demonspawn Wanderer began the quest for the
                  | Orb.
     0 | D:1      | demibob set off with the following items: a +1 hunting
                  | sling, a +2 leather armour, 17 sling bullets
     0 | D:1      | Reached XP level 1. HP: 18/18 MP: 1/1
   248 | D:1      | Reached skill level 1 in Unarmed Combat
   301 | D:1      | Found a faded altar of an unknown god.
   313 | D:1      | Prayed at the altar of an unknown god.
   313 | D:1      | Became a worshipper of Makhleb the Destroyer
   313 | D:1      | Reached * piety under Makhleb
   327 | D:1      | Gained mutation: You are partially covered in sharp spines.
                  | [demonic ancestry]
   327 | D:1      | Reached XP level 2. HP: 24/24 MP: 2/2
   609 | D:1      | Reached skill level 2 in Unarmed Combat
   672 | D:1      | Gained mutation: You have a small tail. [demonic ancestry]
   672 | D:1      | Reached XP level 3. HP: 14/29 MP: 3/3
   849 | D:2      | Reached skill level 3 in Unarmed Combat
   895 | D:2      | Found a runed translucent door.
   898 | D:2      | Noticed Crazy Yiuf
  1003 | D:2      | Noticed Sigmund
  1019 | D:1      | Killed Sigmund
  1020 | D:1      | Reached skill level 4 in Unarmed Combat
  1020 | D:1      | Gained mutation: You are partially covered in razor-sharp
                  | scales. (AC +1, Slay +1) [demonic ancestry]
  1020 | D:1      | Reached XP level 4. HP: 35/35 MP: 4/4
  1020 | D:1      | Gained mutation: You are mostly covered in razor-sharp
                  | scales. (AC +2, Slay +2) [demonic ancestry]
  1020 | D:1      | Reached XP level 5. HP: 41/41 MP: 5/5
  1044 | D:2      | Reached skill level 5 in Unarmed Combat
  1233 | D:2      | Noticed Natasha
  1238 | D:2      | Killed Natasha
  1311 | D:2      | Gained mutation: You sometimes gain a little power by
                  | taking damage. [demonic ancestry]
  1311 | D:2      | Reached XP level 6. HP: 47/47 MP: 6/6
  1415 | D:2      | Reached ** piety under Makhleb
  1473 | D:2      | Noticed Natasha
  1479 | D:2      | Killed Natasha
  1823 | D:3      | You fall into a shaft and drop 2 floors!
  1823 | D:5      | Entered Level 5 of the Dungeon
  1867 | D:5      | Found a staircase to the Ecumenical Temple.
  1880 | D:5      | Reached skill level 6 in Unarmed Combat
  1880 | D:5      | Reached skill level 2 in Invocations
  2408 | D:4      | Reached XP level 7. HP: 52/52 MP: 9/9
  2710 | D:3      | Reached skill level 3 in Invocations
  3576 | D:5      | Reached skill level 7 in Unarmed Combat
  3576 | D:5      | Reached skill level 4 in Invocations
  3791 | D:5      | Reached *** piety under Makhleb
  4428 | D:6      | Reached skill level 5 in Invocations
  4433 | D:6      | Reached XP level 8. HP: 58/58 MP: 11/11
  4601 | D:6      | Reached skill level 8 in Unarmed Combat
  4838 | D:6      | Reached skill level 1 in Armour
  4990 | D:6      | Found a blossoming altar of Fedhas.
  4990 | D:6      | Found a bloodstained altar of Trog.
  5282 | D:7      | Reached skill level 2 in Armour
  5352 | D:7      | Reached skill level 9 in Unarmed Combat
  5466 | D:7      | Reached XP level 9. HP: 54/63 MP: 13/13
  5598 | D:7      | Reached skill level 3 in Armour
  5629 | D:7      | Found Ronej's Distillery.
  5719 | D:7      | Bought a potion of heal wounds for 75 gold pieces
  5719 | D:7      | Bought a potion of might for 60 gold pieces
  5719 | D:7      | Bought a potion of heal wounds for 75 gold pieces
  5719 | D:7      | Bought a potion of flight for 45 gold pieces
  5719 | D:7      | Bought a potion of curing for 45 gold pieces
  5719 | D:7      | Bought a potion of curing for 45 gold pieces
  5897 | D:8      | Reached **** piety under Makhleb
  5921 | D:8      | Reached skill level 10 in Unarmed Combat
  6099 | D:8      | Reached skill level 4 in Armour
  6801 | D:9      | Found a staircase to the Orcish Mines.
  6874 | D:9      | Noticed a two-headed ogre
  6892 | D:9      | Killed a two-headed ogre
  6893 | D:9      | Reached skill level 11 in Unarmed Combat
  7057 | D:9      | Gained mutation: You are mostly covered in sharp spines.
                  | [demonic ancestry]
  7057 | D:9      | Reached XP level 10. HP: 20/70 MP: 14/14
  7235 | D:9      | Noticed a two-headed ogre
  7246 | D:9      | Killed a two-headed ogre
  7247 | D:9      | Reached skill level 12 in Unarmed Combat
  7586 | D:9      | Found a runed translucent door.
  7592 | D:9      | Noticed siradein's ghost (novice MiFi)
  7593 | D:9      | Noticed an orc knight
  8215 | D:10     | Entered Level 10 of the Dungeon
  8219 | D:10     | Found a flagged portal.
  8230 | Bailey   | Entered a bailey
  8234 | Bailey   | Noticed an orc knight
  8267 | Bailey   | Killed an orc knight
  8268 | Bailey   | Reached skill level 5 in Armour
  8295 | Bailey   | Got the Catalogue of Attacks
  8335 | Bailey   | HP: 4/70 [orc (4)]
  8348 | Bailey   | Reached skill level 13 in Unarmed Combat
  8525 | Bailey   | Identified the +9 plate armour of Lightning Storm {rC+
                  | Dex+2}
  8610 | D:10     | Noticed a two-headed ogre
  8633 | D:10     | Killed a two-headed ogre
  8671 | D:10     | Reached skill level 6 in Armour
  8816 | D:10     | Reached XP level 11. HP: 38/75 MP: 15/15
  9980 | D:11     | Reached skill level 14 in Unarmed Combat
 10072 | D:11     | Noticed Urug
 10077 | D:11     | Killed Urug
 10095 | D:11     | Noticed a boulder beetle
 10141 | D:11     | Noticed Erica
 10536 | D:11     | Reached skill level 7 in Armour
 10629 | D:11     | Killed Erica
 10629 | D:11     | Reached ***** piety under Makhleb
 10705 | D:11     | HP: 6/75 [boulder beetle (40)]
 10706 | D:12     | Noticed a white ugly thing
 10706 | D:12     | Noticed a boulder beetle
 11041 | D:11     | Found a staircase to the Lair.
 11134 | D:11     | Killed a boulder beetle
 11319 | D:11     | Noticed a red ugly thing
 11331 | D:11     | Killed a red ugly thing
 11596 | Lair:1   | Entered Level 1 of the Lair of Beasts
 11597 | Lair:1   | Upgraded the game from 0.28-a0-1213-g0243856f03 to
                  | 0.28-a0-1227-ga9037bb4c8
 11628 | Lair:1   | Reached skill level 15 in Unarmed Combat
 11630 | Lair:1   | Reached skill level 8 in Armour
 11766 | Lair:1   | Gained mutation: You have a tail ending in a sharp stinger.
                  | [demonic ancestry]
 11766 | Lair:1   | Reached XP level 12. HP: 66/81 MP: 16/16
 11844 | Lair:1   | Reached skill level 9 in Armour
 12200 | Lair:1   | You fall into a shaft and drop 1 floor!
 12550 | Lair:2   | Noticed a five-headed hydra
 12556 | Lair:2   | Killed a five-headed hydra
 12557 | Lair:2   | Reached skill level 10 in Armour
 13143 | Lair:2   | Noticed a seven-headed hydra
 13171 | Lair:2   | Killed a seven-headed hydra
 13326 | Lair:2   | Identified 3 potions of resistance
 13546 | Lair:3   | Identified a scroll of acquirement
 13546 | Lair:3   | Acquired the +3 warlock's mirror {reflect}
 13546 | Lair:3   | Found the +3 warlock's mirror {reflect}
 13605 | Lair:3   | Reached skill level 1 in Shields
 13696 | Lair:3   | Reached skill level 2 in Shields
 13734 | Lair:3   | Found a staircase to the Shoals.
 13871 | Lair:3   | Found a staircase to the Snake Pit.
 13876 | Lair:3   | Reached skill level 11 in Armour
 14697 | Lair:4   | Reached skill level 3 in Shields
 14971 | Lair:4   | Gained mutation: Your hexes are more powerful. [demonic
                  | ancestry]
 14971 | Lair:4   | Reached XP level 13. HP: 86/86 MP: 17/17
 15220 | Lair:4   | Reached skill level 16 in Unarmed Combat
 15221 | Lair:4   | Reached skill level 4 in Shields
 15251 | Lair:4   | Reached ****** piety under Makhleb
 16231 | Lair:5   | Found a viscous altar of Jiyva.
 16231 | Lair:5   | Found a staircase to the Slime Pits.
 16745 | Lair:6   | Entered Level 6 of the Lair of Beasts
 16848 | Lair:6   | Reached skill level 12 in Armour
 17301 | Lair:6   | Found a hide-covered altar of Uskayaw.
 17560 | Lair:6   | Reached skill level 17 in Unarmed Combat
 17587 | Lair:6   | Reached skill level 13 in Armour
 17676 | Lair:6   | Reached XP level 14. HP: 32/93 MP: 18/18
 18951 | D:12     | Noticed Josephine
 18971 | D:12     | Killed Josephine
 18978 | D:12     | Reached skill level 14 in Armour
 19889 | Orc:1    | Entered Level 1 of the Orcish Mines
 20421 | Orc:2    | Entered Level 2 of the Orcish Mines
 20470 | Orc:2    | Reached skill level 6 in Invocations
 20929 | Orc:2    | Reached skill level 4 in Fighting
 21029 | Orc:2    | Reached skill level 15 in Armour
 21224 | Orc:2    | Reached skill level 7 in Invocations
 21356 | Orc:2    | Found Tasiot's Magic Scroll Emporium.
 21375 | Orc:2    | Found Suphaell's Antique Armour Shoppe.
 21638 | Orc:2    | Noticed Saint Roka
 21682 | Orc:2    | Killed Saint Roka
 21683 | Orc:2    | Reached skill level 5 in Fighting
 21700 | Orc:2    | Reached skill level 8 in Invocations
 22429 | Orc:2    | Found Coofyrgh's Antique Weapon Emporium.
 22485 | Orc:2    | Found Wytypp's Jewellery Boutique.
 22771 | Orc:2    | Found a staircase to the Elven Halls.
 23137 | D:13     | Reached skill level 6 in Fighting
 23151 | D:13     | Reached XP level 15. HP: 105/105 MP: 21/21
 23267 | D:13     | Reached skill level 16 in Armour
 23513 | D:13     | Noticed Erolcha
 23529 | D:13     | Killed Erolcha
 23530 | D:13     | Reached skill level 9 in Invocations
 24090 | D:14     | Noticed Louise
 24118 | D:14     | Killed Louise
 24200 | D:14     | Found a blossoming altar of Fedhas.
 24212 | D:14     | Noticed Azrael
 24223 | D:14     | Killed Azrael
 24231 | D:14     | Gained mutation: You sometimes lose the ability to read
                  | scrolls when taking damage. [a shining eye]
 24235 | D:14     | Gained mutation: You are weak. (Str -2) [a shining eye]
 24298 | D:13     | Lost mutation: You sometimes lose the ability to read
                  | scrolls when taking damage. [potion of mutation]
 24298 | D:13     | Lost mutation: You are weak. (Str -2) [potion of mutation]
 24298 | D:13     | Gained mutation: Your mind is acute. (Int +2) [potion of
                  | mutation]
 24298 | D:13     | Gained mutation: You occasionally shout uncontrollably at
                  | your foes. [potion of mutation]
 24298 | D:13     | Gained mutation: Your muscles are strong. (Str +2) [potion
                  | of mutation]
 24370 | D:14     | Noticed Jorgrun
 24375 | D:14     | Killed Jorgrun
 24376 | D:14     | Reached skill level 7 in Fighting
 24542 | D:14     | Reached skill level 10 in Invocations
 24621 | D:14     | Found a gate to the Vaults.
 24700 | D:14     | Noticed Nessos
 25019 | D:14     | Noticed Frances
 25048 | D:14     | Killed Frances
 25295 | D:14     | Killed Nessos
 25306 | D:15     | Entered Level 15 of the Dungeon
 25335 | D:15     | Reached skill level 17 in Armour
 25526 | D:14     | Reached skill level 11 in Invocations
 25544 | D:15     | Reached skill level 8 in Fighting
 26338 | D:15     | Found a staircase to the Depths.
 26848 | Shoals:1 | Entered Level 1 of the Shoals
 27053 | Shoals:1 | Identified the +0 pair of gloves "Uplam" {rC+ Stlth+}
 27647 | Shoals:1 | Reached skill level 12 in Invocations
 27660 | Shoals:1 | Noticed a frost giant
 27660 | Shoals:1 | Noticed a frost giant
 27692 | Shoals:1 | Killed a frost giant
 27705 | Shoals:1 | Killed a frost giant
 27706 | Shoals:1 | Reached skill level 9 in Fighting
 27837 | Shoals:1 | Noticed a titan
 28059 | Shoals:2 | Noticed Roxanne
 28403 | Shoals:2 | Killed Roxanne
 28404 | Shoals:2 | Gained mutation: You are completely covered in razor-sharp
                  | scales. (AC +3, Slay +3) [demonic ancestry]
 28404 | Shoals:2 | Reached XP level 16. HP: 63/120 MP: 25/25
 28622 | Shoals:2 | Found Oppav's Weapon Shop.
 28637 | Shoals:2 | Reached skill level 18 in Armour
 29077 | Shoals:2 | Upgraded the game from 0.28-a0-1227-ga9037bb4c8 to
                  | 0.28-a0-1234-g826d19b2e0
 29432 | Shoals:3 | Reached skill level 13 in Invocations
 30212 | Shoals:3 | Noticed an Executioner
 30365 | Shoals:3 | Reached skill level 10 in Fighting
 30372 | Shoals:3 | Reached skill level 18 in Unarmed Combat
 30893 | Shoals:4 | Entered Level 4 of the Shoals
 30893 | Shoals:4 | Found Toadgh's General Store.
 31100 | Shoals:4 | Identified the +8 great sword of Fimbulwinter {drain, rC+
                  | SInv}
 31370 | Shoals:4 | Upgraded the game from 0.28-a0-1234-g826d19b2e0 to
                  | 0.28-a0-1235-g7c8fac35f0
 31473 | Shoals:4 | Reached skill level 14 in Invocations
 31476 | Shoals:4 | Noticed Bai Suzhen
 31486 | Shoals:4 | Noticed Polyphemus
 31511 | Shoals:4 | Killed Polyphemus
 31632 | Shoals:4 | Reached skill level 11 in Fighting
 31649 | Shoals:4 | Identified the +9 hunting sling of the Kidney {venom, rPois
                  | rN+}
 31756 | Shoals:4 | Killed Bai Suzhen
 31766 | Shoals:4 | Identified the +3 dagger of Gurghuh {vamp, Fly}
 31787 | Shoals:4 | Noticed a kraken
 31793 | Shoals:4 | Killed a kraken
 31799 | Shoals:4 | Reached skill level 15 in Invocations
 32016 | Shoals:4 | Found a runed translucent gate.
 32016 | Shoals:4 | Found a runed translucent gate.
 32016 | Shoals:4 | Found a runed translucent gate.
 32016 | Shoals:4 | Noticed HilariousDeathArtist's ghost (adept SpBr)
 32016 | Shoals:4 | Noticed Strewth's ghost (adept MiBe)
 32017 | Shoals:4 | Noticed rougesareth's ghost (adept GrEE)
 32017 | Shoals:4 | Noticed rlgrobin's ghost (adept TrTm)
 32056 | Shoals:4 | Got a barnacled rune of Zot
 32308 | Vaults:1 | Entered Level 1 of the Vaults
 32376 | Vaults:1 | Gained mutation: You sometimes gain power by taking damage.
                  | [demonic ancestry]
 32376 | Vaults:1 | Reached XP level 17. HP: 75/131 MP: 28/28
 33090 | Vaults:1 | Reached skill level 12 in Fighting
 33675 | Vaults:1 | Reached skill level 16 in Invocations
 33729 | Vaults:1 | Reached skill level 19 in Unarmed Combat
 35043 | Vaults:2 | Reached skill level 13 in Fighting
 36381 | Vaults:2 | Gained mutation: You are powered by pain. [demonic
                  | ancestry]
 36381 | Vaults:2 | Reached XP level 18. HP: 87/145 MP: 30/30
 36897 | Vaults:2 | Reached skill level 14 in Fighting
 37452 | Vaults:3 | Reached skill level 20 in Unarmed Combat
 37476 | Vaults:3 | Found a magical portal.
 37497 | WizLab   | Entered Alistair's Party Mansion
 37840 | WizLab   | Reached skill level 15 in Fighting
 37893 | WizLab   | Got Sif Muna's Reference Book on Poisoning and
                  | Transmutation
 37898 | WizLab   | Acquired the ring of Qazlal's Approval {rPois rF+ rN+ AC+4
                  | Str-5}
 38102 | WizLab   | Noticed a golden dragon
 38732 | Vaults:3 | Reached skill level 16 in Fighting
 39162 | Vaults:3 | Noticed a tentacled monstrosity
 39162 | Vaults:3 | Noticed Sojobo
 39168 | Vaults:3 | Killed a tentacled monstrosity
 39496 | Vaults:3 | Paralysed by an air elemental for 1 turns
 39500 | Vaults:3 | Paralysed by an air elemental for 1 turns
 39627 | Vaults:3 | Paralysed by an air elemental for 1 turns
 39643 | Vaults:2 | Killed Sojobo
 39644 | Vaults:2 | Reached skill level 17 in Fighting
 40071 | Vaults:3 | Found a staircase to the Crypt.
 40071 | Vaults:3 | Found a basalt altar of Yredelemnul.
 40071 | Vaults:3 | Found an ancient bone altar of Kikubaaqudgha.
 40747 | Vaults:3 | Identified the +8 scythe "Fuigik" {flame, *Noise rElec rC++
                  | Dex+2}
 41129 | Vaults:4 | Reached XP level 19. HP: 161/161 MP: 31/31
 41693 | Vaults:4 | Noticed Margery
 41696 | Vaults:4 | Reached skill level 18 in Fighting
 41708 | Vaults:4 | Killed Margery
 42115 | Vaults:3 | Upgraded the game from 0.28-a0-1235-g7c8fac35f0 to
                  | 0.28-a0-1236-gb25a51b929
 43643 | Snake:1  | Entered Level 1 of the Snake Pit
 44175 | Snake:1  | Reached skill level 21 in Unarmed Combat
 44403 | Snake:1  | Identified the +10 dagger of Icij {speed, MP+9 Dex+5}
 44983 | Snake:2  | You fall into a shaft and drop 1 floor!
 45012 | Snake:3  | Reached skill level 19 in Fighting
 45460 | Snake:2  | Acquired 567 gold pieces
 45462 | Snake:2  | Acquired the ring "Qifipheu" {+Blink Fly rPois rC+ Dex+2}
 45648 | Snake:2  | Acquired a manual of Shields
 45810 | Snake:2  | Reached XP level 20. HP: 174/174 MP: 32/32
 46354 | Snake:3  | Reached skill level 5 in Shields
 46451 | Snake:3  | Found an ornate altar of the Wu Jian Council.
 46751 | Snake:4  | Entered Level 4 of the Snake Pit
 46878 | Snake:4  | Reached skill level 6 in Shields
 47344 | Snake:4  | Reached skill level 7 in Shields
 48425 | Snake:4  | Reached skill level 20 in Fighting
 48447 | Snake:4  | Reached skill level 8 in Shields
 48656 | Snake:4  | Got a serpentine rune of Zot
 48749 | Snake:4  | Upgraded the game from 0.28-a0-1236-gb25a51b929 to
                  | 0.28-a0-1286-g6bde065e89
 49071 | Elf:1    | Entered Level 1 of the Elven Halls
 49317 | Elf:1    | Reached skill level 9 in Shields
 49410 | Elf:1    | Reached skill level 22 in Unarmed Combat
 49560 | Elf:1    | Paralysed by an air elemental for 1 turns
 49977 | Elf:1    | Got the Collected Works on the Escort
 50357 | Elf:2    | Identified a potion of experience
 50363 | Elf:2    | Reached skill level 10 in Shields
 50363 | Elf:2    | Reached XP level 21. HP: 184/184 MP: 33/33
 50470 | Elf:2    | Found a runed translucent gate.
 50470 | Elf:2    | Found a runed translucent gate.
 50471 | Elf:2    | Found a runed translucent gate.
 50913 | Elf:2    | Reached skill level 11 in Shields
 51174 | Elf:3    | Entered Level 3 of the Elven Halls
 51243 | Elf:3    | Found the +4 moon troll leather armour {Spirit, Regen++
                  | MP+5}
 51435 | Elf:3    | Reached XP level 22. HP: 177/192 MP: 34/34
 51502 | Elf:3    | Upgraded the game from 0.28-a0-1286-g6bde065e89 to
                  | 0.28-a0-1312-g71652a0310
 52200 | Elf:3    | Identified the +7 dagger "Hifim" {vorpal, *Noise rC+ rCorr
                  | Dex+3}
 52207 | Elf:3    | Reached skill level 12 in Shields
 52399 | Elf:3    | Reached skill level 21 in Fighting
 52466 | Elf:3    | You are cast into the Abyss!
 52466 | Elf:3    | Cast into level 3 of the Abyss (a deep elf demonologist)
 52663 | Elf:3    | You pass through the gate.
 52663 | Elf:3    | Escaped the Abyss
 52960 | Elf:3    | Identified a +2 robe of resistance
 52968 | Elf:3    | Identified the +5 battleaxe "Ymabumum" {antimagic, Drain
                  | Will+ Int+3}
 52968 | Elf:3    | Identified the ring of Withuel {Ice Int+3}
 52969 | Elf:3    | You are cast into the Abyss!
 52969 | Elf:3    | Cast into level 2 of the Abyss (a deep elf demonologist)
 53045 | Abyss:2  | Identified the +6 hunting sling of Optimality {flame,
                  | Str+2}
 53073 | Abyss:2  | Found a corrupted altar of Lugonu.
 53080 | Abyss:2  | Identified the +2 scale mail of Viquroz {Fly rF- rC+++
                  | Dex-5}
 53234 | Elf:3    | You pass through the gate.
 53234 | Elf:3    | Escaped the Abyss
 53646 | Elf:3    | Paralysed by an air elemental for 1 turns
 54259 | Elf:3    | Identified the +4 eveningstar of Governance {vorpal, rElec
                  | MP+9}
 54304 | Elf:3    | Identified the +1 shortbow "Xiash" {venom, rF+ Will+ Str-2
                  | Dex+6}
 54304 | Elf:3    | Identified the ring of Mareurut {Ice rCorr}
 54849 | Elf:3    | Reached skill level 23 in Unarmed Combat
 55556 | Elf:3    | Upgraded the game from 0.28-a0-1312-g71652a0310 to
                  | 0.28-a0-1347-g113dc556a4
 56131 | Depths:1 | Entered Level 1 of the Depths
 56357 | Depths:1 | Noticed a golden dragon
 56392 | Depths:1 | Killed a golden dragon
 56444 | Depths:1 | Reached skill level 22 in Fighting
 57175 | Depths:1 | Found a gateway to Hell.
 57546 | Depths:1 | Found a one-way gate to the infinite horrors of the Abyss.
 57662 | Depths:2 | Reached XP level 23. HP: 194/204 MP: 35/35
 57720 | Depths:2 | Found a transporter.
 57766 | Depths:2 | You fall into a shaft and drop 2 floors!
 57766 | Depths:4 | Entered Level 4 of the Depths
 57838 | Depths:3 | Reached skill level 5 in Dodging
 58123 | Depths:2 | Found a one-way gate leading to the halls of Pandemonium.
 59039 | Depths:2 | Reached skill level 6 in Dodging
 59132 | Depths:2 | Found a transporter.
 59325 | Depths:2 | Noticed a caustic shrike
 59333 | Depths:2 | Killed a caustic shrike
 59334 | Depths:2 | Reached skill level 24 in Unarmed Combat
 59356 | Depths:2 | Noticed a caustic shrike
 59368 | Depths:2 | Killed a caustic shrike
 59417 | Depths:2 | Reached skill level 23 in Fighting
 59427 | Depths:2 | Reached skill level 7 in Dodging
 59465 | Depths:2 | Identified the ring "Fiadacwau" {Will+ Dex+3 SInv}
 59490 | Depths:2 | Identified the ring "Fihov" {rPois rF- rC+ rN+++ Int+6}
 59498 | Depths:2 | Upgraded the game from 0.28-a0-1347-g113dc556a4 to
                  | 0.28-a0-1356-g2ad6d04315
 59860 | Vaults:5 | Entered Level 5 of the Vaults
 59880 | Vaults:5 | Identified the ring "Bihife" {Wiz Dex+3}
 60014 | Vaults:5 | Paralysed by a sphinx for 6 turns
 60294 | Vaults:5 | Noticed an ancient lich
 60305 | Vaults:5 | Killed an ancient lich
 60306 | Vaults:5 | Reached skill level 8 in Dodging
 60458 | Vaults:5 | Identified the ring of Riamih {Ice Int+3}
 60507 | Vaults:5 | Identified the +7 hand axe of Wookops {speed, Int+6}
 60616 | Vaults:5 | Gained mutation: You have a sharp stinger which inflicts
                  | weakening toxins. [demonic ancestry]
 60616 | Vaults:5 | Reached XP level 24. HP: 117/215 MP: 35/35
 60621 | Vaults:5 | Noticed a dread lich
 60621 | Vaults:5 | Noticed a dread lich
 60636 | Vaults:5 | Identified the +8 chain mail of Esiokues {rElec rPois rF+
                  | Str+2}
 60918 | Vaults:4 | Killed a dread lich
 60919 | Vaults:4 | Reached skill level 9 in Dodging
 60939 | Vaults:5 | Killed a dread lich
 61270 | Vaults:5 | Found the +9 staff of Wucad Mu {*channel}
 61619 | Vaults:5 | Got a silver rune of Zot
 61764 | Crypt:1  | Entered Level 1 of the Crypt
 62310 | Crypt:1  | Reached skill level 10 in Dodging
 62817 | Crypt:2  | Reached skill level 24 in Fighting
 63101 | Crypt:2  | Reached skill level 25 in Unarmed Combat
 63107 | Crypt:2  | Noticed a curse skull
 63113 | Crypt:2  | Killed a curse skull
 63242 | Crypt:2  | Noticed a curse skull
 63250 | Crypt:2  | Killed a curse skull
 63763 | Crypt:3  | Entered Level 3 of the Crypt
 63887 | Crypt:3  | Noticed Mennas
 63918 | Crypt:3  | Killed Mennas
 64225 | Crypt:3  | Reached skill level 11 in Dodging
 64312 | Crypt:3  | Found an ancient bone altar of Kikubaaqudgha.
 64475 | Crypt:3  | Noticed a dread lich
 64476 | Crypt:3  | Noticed an ancient lich
 64488 | Crypt:3  | Killed a dread lich
 64488 | Crypt:3  | Identified the +5 halberd of a Million Thickets {freeze,
                  | Will+ Stlth+}
 64488 | Crypt:3  | Identified the +3 leather armour of Absolutism {rPois
                  | Regen+ rCorr Stlth+}
 64488 | Crypt:3  | Identified the ring of Brilliance {rN+ Str+3}
 64502 | Crypt:3  | Killed an ancient lich
 64517 | Crypt:3  | Got Oka Lox's Guide on Earth and the Escort
 64523 | Crypt:3  | Identified the amulet "Fiytzick" {Regen+ Int+2 Dex+4}
 64523 | Crypt:3  | Identified the ring "Gaitzit" {*Slow rN+ Int+3 Stlth+}
 65017 | Crypt:3  | Found a staircase to the Tomb.
 65570 | Crypt:3  | Noticed a curse skull
 65591 | Crypt:3  | Killed a curse skull
 65592 | Crypt:3  | Gained mutation: You are completely covered in sharp
                  | spines. [demonic ancestry]
 65592 | Crypt:3  | Reached XP level 25. HP: 84/225 MP: 35/35
 65711 | Crypt:3  | Noticed a curse skull
 65731 | Crypt:3  | Killed a curse skull
 66266 | Depths:3 | Found Zuqygge's Armour Shop.
 66298 | Depths:3 | Found Mumposh's Book Boutique.
 66314 | Depths:3 | Reached skill level 12 in Dodging
 66360 | Depths:3 | Bought a manual of Dodging for 1680 gold pieces
 66377 | Depths:3 | Bought the +3 pair of seven-league boots {Rampage+∞} for
                  | 520 gold pieces
 66377 | Depths:3 | Found the +3 pair of seven-league boots {Rampage+∞}
 66425 | Depths:3 | Found Daigiwk's Armour Shop.
 66437 | Depths:3 | Acquired a manual of Invocations
 66576 | Depths:3 | Noticed a caustic shrike
 66590 | Depths:3 | Killed a caustic shrike
 66620 | Depths:3 | Reached skill level 17 in Invocations
 66916 | Depths:3 | Reached skill level 25 in Fighting
 66985 | Depths:3 | Identified the +1 robe of the Butcher {rElec rCorr Dex+5
                  | Stlth-}
 67055 | Depths:3 | Identified the +6 long sword of Valiance {vorpal, *Slow rN+
                  | Dex+2}
 67094 | Depths:3 | Reached skill level 13 in Dodging
 67200 | Depths:3 | Acquired a manual of Conjurations
 67234 | Depths:3 | Found Jaskuff's Assorted Antiques.
 67240 | Depths:3 | Reached skill level 18 in Invocations
 67280 | Depths:3 | Bought an ichor-stained scale mail for 369 gold pieces
 67280 | Depths:3 | Identified the +5 scale mail "Qifueshro" {Harm rElec Will++
                  | Dex-2} (You bought it in a shop on level 3 of the Depths)
 67343 | Depths:3 | Found Wiongudi's Jewellery Emporium.
 67343 | Depths:3 | Found Ciren's Book Boutique.
 67344 | Depths:3 | Found Vubomp's Book Boutique.
 67902 | Depths:4 | Found a gate to the Realm of Zot.
 67980 | Depths:4 | Reached skill level 19 in Invocations
 68307 | Depths:4 | Found a one-way gateway to a ziggurat.
 68516 | Depths:4 | Identified the +11 great mace "Plog" {freeze, rF++ rC++
                  | Str-5}
 68517 | Depths:4 | Identified the +9 great mace "Qaitwas" {vorpal, rElec rPois
                  | rC- Will++}
 68517 | Depths:4 | Noticed Encipher's ghost (adept FeSu)
 68520 | Depths:4 | Found a transporter.
 68525 | Depths:4 | Found a transporter.
 68541 | Depths:4 | Found a snail-covered altar of Cheibriados.
 68553 | Depths:4 | Reached skill level 14 in Dodging
 68753 | Depths:4 | Reached skill level 26 in Unarmed Combat
 68764 | Depths:4 | Killed Encipher's ghost
 68870 | Zot:1    | Entered Level 1 of the Realm of Zot
 68901 | Zot:1    | Reached skill level 1 in Spellcasting
 69046 | Zot:1    | Upgraded the game from 0.28-a0-1356-g2ad6d04315 to
                  | 0.28-a0-1374-ga75cb3825e
 69150 | Zot:1    | Reached skill level 20 in Invocations
 69186 | Zot:1    | Reached skill level 2 in Spellcasting
 69314 | Zot:1    | Noticed an electric golem
 69330 | Zot:1    | Killed an electric golem
 69726 | Zot:2    | Reached skill level 15 in Dodging
 69776 | Zot:2    | Reached skill level 3 in Spellcasting
 69805 | Zot:2    | Gained mutation: Your melee attacks may debilitate your
                  | foes. [demonic ancestry]
 69805 | Zot:2    | Reached XP level 26. HP: 231/236 MP: 37/37
 69904 | Zot:2    | Acquired 915 gold pieces
 70352 | Zot:2    | Identified the +11 glaive "Taes" {vorpal, rElec rF+}
 70644 | Zot:2    | Reached skill level 21 in Invocations
 71345 | Zot:3    | Reached skill level 16 in Dodging
 71496 | Zot:3    | Reached skill level 22 in Invocations
 71679 | Zot:3    | Reached skill level 26 in Fighting
 71866 | Zot:3    | Reached skill level 23 in Invocations
 72179 | Zot:3    | Reached skill level 1 in Throwing
 72179 | Zot:3    | Reached skill level 1 in Stealth
 72179 | Zot:3    | Reached skill level 1 in Conjurations
 72179 | Zot:3    | Reached skill level 1 in Ice Magic
 72287 | Zot:4    | Reached skill level 1 in Translocations
 72314 | Zot:4    | Reached skill level 2 in Stealth
 72314 | Zot:4    | Reached skill level 2 in Conjurations
 72314 | Zot:4    | Reached skill level 2 in Ice Magic
 72323 | Zot:4    | Reached skill level 2 in Throwing
 72323 | Zot:4    | Reached skill level 2 in Translocations
 72400 | Zot:3    | Reached skill level 3 in Stealth
 72400 | Zot:3    | Reached skill level 3 in Conjurations
 72409 | Zot:3    | Reached skill level 3 in Throwing
 72409 | Zot:3    | Reached skill level 3 in Ice Magic
 72423 | Zot:4    | Reached skill level 3 in Translocations
 72719 | Zot:4    | Found a transporter.
 72794 | Zot:4    | Identified the ring "Ysaduiguff" {rElec rCorr Int+5 Dex-3}
 72818 | Zot:4    | Reached skill level 4 in Stealth
 72818 | Zot:4    | Reached skill level 4 in Conjurations
 72911 | Zot:4    | Noticed an orb of fire
 72937 | Zot:4    | Killed an orb of fire
 72938 | Zot:4    | Reached skill level 4 in Throwing
 72938 | Zot:4    | Reached skill level 4 in Translocations
 72938 | Zot:4    | Reached skill level 4 in Ice Magic
 73301 | Zot:4    | Reached skill level 5 in Stealth
 73301 | Zot:4    | Reached skill level 5 in Conjurations
 73341 | Zot:4    | Reached skill level 5 in Throwing
 73355 | Zot:4    | Found a transporter.
 73372 | Zot:4    | Reached skill level 5 in Translocations
 73372 | Zot:4    | Reached skill level 5 in Ice Magic
 73602 | Zot:4    | Identified the amulet of Pyfys {Regen+ Int+9}
 73617 | Zot:4    | Identified the amulet "Yfoj" {RegenMP rElec Str+4}
 73620 | Zot:4    | Identified the +5 scale mail of Leulumiph {Fly rF+ Str+6
                  | Int-4}
 73688 | Zot:5    | Entered Level 5 of the Realm of Zot
 73692 | Zot:5    | Reached skill level 6 in Conjurations
 73696 | Zot:5    | Reached skill level 6 in Stealth
 74109 | Zot:5    | Reached skill level 6 in Throwing
 74137 | Zot:5    | Reached skill level 6 in Translocations
 74137 | Zot:5    | Reached skill level 6 in Ice Magic
 74268 | Zot:5    | Reached skill level 7 in Conjurations
 74282 | Zot:5    | Noticed an orb of fire
 74294 | Zot:5    | Reached skill level 7 in Stealth
 74295 | Zot:5    | Gained mutation: Armour fits poorly on your strangely
                  | shaped body. [an orb of fire]
 74299 | Zot:5    | Killed an orb of fire
 74304 | Zot:5    | You are cast into the Abyss!
 74304 | Zot:5    | Cast into level 2 of the Abyss (red draconian)
 74305 | Abyss:2  | Lost mutation: Your muscles are strong. (Str +2) [potion of
                  | mutation]
 74305 | Abyss:2  | Lost mutation: Armour fits poorly on your strangely shaped
                  | body. [potion of mutation]
 74305 | Abyss:2  | Gained mutation: You are clumsy. (Dex -2) [potion of
                  | mutation]
 74305 | Abyss:2  | Gained mutation: Armour fits poorly on your strangely
                  | shaped body. [potion of mutation]
 74305 | Abyss:2  | Gained mutation: Your body sometimes deteriorates upon
                  | taking damage. [potion of mutation]
 74305 | Abyss:2  | Gained mutation: You are resistant to electric shocks.
                  | (rElec) [potion of mutation]
 74306 | Abyss:2  | Lost mutation: Your body sometimes deteriorates upon taking
                  | damage. [potion of mutation]
 74306 | Abyss:2  | Lost mutation: Armour fits poorly on your strangely shaped
                  | body. [potion of mutation]
 74306 | Abyss:2  | Gained mutation: You passively dampen the noise of your
                  | surroundings. [potion of mutation]
 74306 | Abyss:2  | Gained mutation: You possess an exceptional clarity of
                  | mind. [potion of mutation]
 74306 | Abyss:2  | Lost mutation: You occasionally shout uncontrollably at
                  | your foes. [potion of mutation]
 74315 | Abyss:3  | Found a corrupted altar of Lugonu.
 74407 | Abyss:5  | Entered Level 5 of the Abyss
 74408 | Abyss:5  | Found a corrupted altar of Lugonu.
 74505 | Abyss:5  | Gained mutation: You are surrounded by an aura of silence.
                  | [demonic ancestry]
 74505 | Abyss:5  | Reached XP level 27. HP: 245/245 MP: 38/38
 74530 | Zot:5    | You pass through the gate.
 74530 | Zot:5    | Escaped the Abyss
 74534 | Zot:5    | Noticed an electric golem
 74552 | Zot:5    | HP: 22/245 [electric golem (5)]
 74552 | Zot:5    | Killed from afar by a Killer Klown

Vanquished Creatures
  3 dread liches
  2 ancient liches
  2 orbs of fire
  Mennas (Crypt:3)
  3 Killer Klowns
  Bai Suzhen (Shoals:4)
  Saint Roka (Orc:2)
  3 caustic shrikes
  12 golden dragons
  An electric golem (Zot:1)
  A bone dragon (Depths:4)
  An iron giant (Depths:4)
  22 tentacled monstrosities
  A walking crystal tome (Depths:4)
  9 Orb Guardians (Zot:5)
  4 liches
  A walking earthen tome (Depths:3)
  10 quicksilver dragons
  5 titans
  7 sphinxes
  A walking frostbound tome (Depths:3)
  7 death cobs
  2 deep elf master archers (Elf:3)
  2 deep elf blademasters (Elf:3)
  3 ancient champions
  3 tentacled starspawn
  Frances (D:14)
  Polyphemus (Shoals:4)
  A kraken (Shoals:4)
  9 tengu reavers
  8 shadow dragons
  5 draconian monks
  14 storm dragons
  A revenant (Crypt:1)
  6 nagarajas
  14 frost giants
  3 draconian knights
  An orc warlord (Vaults:4)
  3 ghost moths
  9 deep elf sorcerers
  Louise (D:14)
  7 draconian scorchers
  11 fire giants
  10 vault wardens
  4 curse skulls
  4 spriggan defenders
  A caustic shrike zombie (Crypt:3)
  4 spectral caustic shrikes (Depths:1)
  4 iron dragons
  3 deep elf elementalists (Elf:3)
  4 draconian shifters
  3 demonspawn corrupters (WizLab)
  27 very ugly things
  5 ghouls (Crypt:2)
  4 draconian stormcallers
  The ghost of Encipher the Convoker, an adept FeSu of Gozag (Depths:4)
  A reaper (Crypt:3)
  2 war gargoyles
  4 draconian annihilators
  12 ironbound preservers
  7 vampire knights
  10 stone giants
  9 green draconians
  3 ironbound thunderhulks
  Nessos (D:14)
  A caustic shrike skeleton (Crypt:3)
  Azrael (D:14)
  12 yellow draconians
  8 deep elf demonologists
  11 black draconians
  10 dire elephants
  9 white draconians
  A lorocyproca (Zot:4)
  7 deep elf annihilators
  10 purple draconians
  4 entropy weavers
  10 deep elf death magi
  8 red draconians
  9 spark wasps
  13 ettins
  A crystal guardian (Vaults:4)
  A quicksilver dragon zombie (Crypt:3)
  8 deep elf high priests
  8 eidola
  A mummy priest (Crypt:3)
  3 merfolk impalers
  2 merfolk javelineers (Shoals:4)
  2 jiangshi (Depths:1)
  12 yaktaur captains
  13 fire dragons
  Josephine (D:12)
  8 great orbs of eyes
  Erolcha (D:13)
  A fenstrider witch zombie (Crypt:2)
  8 ice dragons
  A rakshasa (Depths:2)
  5 spriggan zombies
  19 naga warriors
  3 salamander tyrants
  35 vault guards
  2 peacekeepers (Vaults:4)
  5 centaur warriors
  3 catoblepae
  A hydra (shapeshifter) (Vaults:5)
  A spriggan skeleton (Crypt:3)
  2 death knights
  7 ironbound frosthearts
  3 merfolk avatars
  Erica (D:11)
  2 ogre magi
  14 anacondas
  5 boulder beetles
  6 spriggan air magi
  4 hydras
  15 dancing weapons
  7 merfolk aquamancers
  6 two-headed ogres
  7 tengu warriors
  19 deep troll earth magi
  4 vampire magi
  8 shock serpents
  A thrashing horror (Abyss:3)
  4 death yaks
  10 deep troll shamans
  A satyr (Shoals:4)
  A storm dragon zombie (Crypt:3)
  Urug (D:11)
  6 orc high priests
  2 spriggan berserkers
  15 hell knights
  7 naga sharpshooters
  19 deep elf knights
  10 soul eaters
  2 wretched stars
  2 salamander mystics
  2 bunyip zombies (Crypt:3)
  2 fire crabs (shapeshifter) (Vaults:5)
  A shadow wraith (Crypt:2)
  12 skeletal warriors
  12 iron trolls
  11 sea snakes
  3 starcursed masses (Abyss:3)
  A spriggan druid (WizLab)
  A titan skeleton (Crypt:2)
  8 naga ritualists
  A bog body (Crypt:2)
  4 flayed ghosts
  A sea snake (shapeshifter) (Depths:2)
  2 glowing orange brains (Depths:4)
  53 deep trolls
  19 phantasmal warriors
  21 deep elf archers
  A swamp dragon (WizLab)
  12 wizards
  3 lindwurms (Vaults:2)
  An anaconda skeleton (Crypt:1)
  13 harpies
  9 large abominations
  A lindwurm (shapeshifter) (Vaults:5)
  12 orc knights
  16 necromancers
  A bunyip skeleton (Crypt:2)
  A spriggan simulacrum (Crypt:2)
  26 deep elf zephyrmancers
  An iron dragon zombie (Crypt:3)
  37 deep elf pyromancers
  An orb spider (shapeshifter) (D:15)
  17 ironbound convokers
  34 ugly things
  A frost giant zombie (Crypt:2)
  10 mana vipers
  13 salamanders
  A shining eye (shapeshifter) (D:14)
  7 orc sorcerers
  11 cyclopes
  6 fauns
  A stone giant zombie (Crypt:3)
  3 wolf spiders
  14 merfolk sirens
  5 worldbinders (WizLab)
  A faun (shapeshifter) (Vaults:5)
  8 manticores
  A moth of wrath (shapeshifter) (Vaults:5)
  24 moths of wrath
  An iron dragon skeleton (Crypt:3)
  A dire elephant zombie (Crypt:3)
  6 guardian serpents
  23 elephants
  15 vault sentinels
  A sphinx skeleton (Crypt:1)
  A water nymph (shapeshifter) (Depths:3)
  14 naga magi
  A smoke demon (Depths:2)
  4 water nymphs
  42 black mambas
  17 cane toads
  A torpor snail (Lair:2)
  7 unseen horrors
  An efreet (D:14)
  2 rime drakes
  A hellion (Depths:2)
  5 freezing wraiths
  2 dire elephant skeletons
  A swamp worm zombie (Crypt:2)
  25 yaktaurs
  A bunyip simulacrum (Crypt:2)
  4 komodo dragons
  2 ice devils
  13 hellwings (Crypt:3)
  An ancient zyme (Abyss:5)
  A red devil (Depths:2)
  A queen bee (shapeshifter) (Vaults:5)
  A hydra zombie (Crypt:2)
  A guardian mummy (Crypt:3)
  2 polar bears (Lair:6)
  A harpy zombie (Crypt:3)
  6 wind drakes
  16 merfolk
  11 trolls
  15 blink frogs
  3 hornets
  A hydra skeleton (Crypt:2)
  2 harpy skeletons
  6 raiju
  A meliai zombie (D:10)
  43 slime creatures
  4 snapping turtles
  5 small abominations
  5 dream sheep
  3 jumping spiders
  A tarantella (Vaults:3)
  A vampire (D:12)
  An ettin skeleton (Crypt:3)
  A merfolk skeleton (Abyss:3)
  3 spriggans
  A shadow (D:9)
  14 wraiths
  3 wyverns
  Sigmund (D:1)
  2 ynoxinuls
  A tyrant leech zombie (Crypt:1)
  3 air elementals
  A hog (shapeshifter) (Vaults:4)
  15 water elementals
  A yak (shapeshifter) (D:13)
  42 yaks
  A fire dragon skeleton (Crypt:3)
  3 basilisks
  A human (shapeshifter) (Abyss:2)
  5 fire elementals
  2 humans (D:14)
  2 steam dragons
  4 chaos spawn
  4 vampire mosquitoes (D:15)
  6 redbacks
  5 wargs
  A harpy simulacrum (Crypt:2)
  An acid dragon (shapeshifter) (Vaults:5)
  An acid dragon (D:14)
  34 nagas
  2 hell hounds
  A floating eye (Depths:3)
  A demonspawn skeleton (Crypt:1)
  59 orc warriors
  A deep troll skeleton (Crypt:3)
  4 naga skeletons (Crypt:3)
  18 water moccasins
  A floating eye (shapeshifter) (Vaults:5)
  An ice beast (D:6)
  A black bear (Lair:1)
  2 necrophages
  An elephant zombie (Crypt:1)
  A two-headed ogre skeleton (Crypt:2)
  10 ogres
  17 centaurs
  24 wolves
  A kobold brigand (D:8)
  2 phantoms
  15 bullfrogs
  An octopode zombie (Crypt:2)
  4 earth elementals
  6 wyvern skeletons
  A salamander skeleton (Crypt:1)
  2 scorpions (D:6)
  2 water moccasin skeletons (D:5)
  4 killer bees (D:8)
  A warg skeleton (Crypt:3)
  4 wights
  9 howler monkeys
  8 electric eels
  5 centaur zombies
  3 jellies
  2 bullfrog zombies
  31 orc priests
  4 hounds
  2 bullfrog skeletons
  A gnoll shaman (D:5)
  A centaur skeleton (D:5)
  7 iguanas
  16 orc wizards
  Natasha (twice) (D:2)
  A killer bee zombie (D:7)
  2 mummies (Crypt:3)
  11 gnolls
  2 howler monkey zombies
  8 adders
  A white imp (D:4)
  An adder skeleton (Crypt:2)
  2 worms
  A dart slug (D:4)
  89 orcs
  8 ball pythons
  A bat (D:1)
  6 endoplasms
  3 giant cockroaches
  5 goblins
  5 hobgoblins
  5 quokkas
  7 frilled lizards
  A gnoll skeleton (Crypt:1)
  A gnoll zombie (Crypt:1)
  11 kobolds
  A quokka skeleton (Crypt:1)
  4 rats
  A spectral kobold (D:1)
  A starspawn tentacle (Abyss:3)
  2 tentacles (Shoals:4)
  2 withered plants (Crypt:3)
2163 creatures vanquished.

Vanquished Creatures (collateral kills)
  Sojobo (Vaults:2)
  Margery (Vaults:4)
  A tentacled monstrosity (Vaults:5)
  Jorgrun (D:14)
  A sphinx (WizLab)
  Roxanne (Shoals:2)
  A vault warden (Vaults:2)
  An ironbound preserver (Vaults:4)
  A dire elephant (Vaults:1)
  2 merfolk javelineers (Shoals:4)
  A merfolk impaler (Shoals:3)
  A yaktaur captain (Vaults:4)
  5 vault guards (D:14)
  An ice dragon (Depths:1)
  2 naga warriors (Snake:3)
  2 hydras
  A boulder beetle (D:11)
  A quicksilver dragon skeleton (Crypt:3)
  2 two-headed ogres
  An anaconda (Snake:2)
  A merfolk aquamancer (Shoals:4)
  A deep troll earth mage (Depths:1)
  A death yak (Lair:6)
  A tengu warrior (Depths:1)
  A deep troll shaman (Lair:6)
  A naga sharpshooter (Snake:3)
  3 hell knights (Vaults:4)
  3 deep trolls (Vaults:4)
  An iron troll (Depths:1)
  2 orc knights
  A manticore (Shoals:4)
  3 fauns (Shoals:4)
  A guardian serpent (Snake:3)
  A water nymph (Shoals:3)
  A yaktaur (Vaults:4)
  2 polar bears (Lair:6)
  6 merfolk
  A troll (D:14)
  2 wind drakes
  2 water elementals (Shoals:4)
  4 humans (D:14)
  A naga (Snake:3)
  5 orc warriors
  A centaur (Shoals:4)
  4 orc priests (Orc:2)
  10 orcs
88 creatures vanquished.

Vanquished Creatures (others)
  A vampire knight (Crypt:1)
  A death yak (Lair:6)
  2 deep elf knights
  A hell knight (Vaults:4)
  A deep elf archer (Elf:3)
  A human (D:14)
  An orc wizard (Orc:2)
  5 bushes
  40 fungi
  158 plants
  5 starspawn tentacles
  2 tentacles (Shoals:4)
  15 withered plants (Crypt:3)
233 creatures vanquished.

Grand Total: 2484 creatures vanquished

Table legend: (Time is in decaauts)
 A = Elapsed time spent in this place.
 B = Non-inter-level travel time spent in this place.
 C = Inter-level travel time spent in this place.
 D = Time resting spent in this place.
 E = Time spent auto-exploring this place.
 F = Levels seen in this place.
 G = Mean time per level.
                   A        B        C        D        E       F      G
               +--------+--------+--------+--------+--------+-----+--------+
         Total |  71471 |  67380 |   4091 |  16847 |  36297 |  60 | 1191.2 |
       Dungeon |  16748 |  15412 |   1336 |   2979 |  10078 |  15 | 1116.5 |
          Lair |   7216 |   6728 |    488 |   1428 |   4175 |   6 | 1202.7 |
        Shoals |   5350 |   5207 |    143 |   1809 |   2194 |   4 | 1337.5 |
     Snake Pit |   4934 |   4723 |    211 |   1304 |   2185 |   4 | 1233.5 |
  Orcish Mines |   2927 |   2722 |    205 |    602 |   1472 |   2 | 1463.5 |
   Elven Halls |   5858 |   5723 |    135 |   2455 |   2182 |   3 | 1952.7 |
        Vaults |  11783 |  10949 |    834 |   3585 |   5292 |   5 | 2356.6 |
         Crypt |   3929 |   3703 |    226 |    338 |   2553 |   3 | 1309.7 |
        Depths |   5559 |   5266 |    293 |    339 |   3413 |   4 | 1389.8 |
           Zot |   5023 |   4807 |    216 |   1247 |   2533 |   5 | 1004.6 |
         Abyss |    621 |    621 |      0 |     71 |     35 |   7 |   88.7 |
        Bailey |    347 |    347 |      0 |    186 |     26 |   1 |  347.0 |
        Wizlab |   1170 |   1170 |      0 |    500 |    155 |   1 | 1170.0 |
               +--------+--------+--------+--------+--------+-----+--------+

Top non-repeatable levels by time:
   Elf:3: 3603 daAuts
Vaults:2: 3104 daAuts
Vaults:1: 2822 daAuts
   Orc:2: 2506 daAuts
Vaults:4: 2446 daAuts
 Crypt:3: 2038 daAuts
Vaults:3: 2009 daAuts
    D:11: 1899 daAuts
     D:9: 1876 daAuts
  Lair:6: 1656 daAuts
Depths:2: 1636 daAuts
Shoals:3: 1623 daAuts
    D:14: 1487 daAuts
 Snake:4: 1487 daAuts
Depths:1: 1484 daAuts

Table legend:
 A = Non-vault XP
 B = Vault XP
 C = Vault XP percentage of total XP
 D = Non-vault monster count
 E = Vault monster count
 F = Vault count percentage of total count
                 A         B        C        D         E       F
            +---------+---------+-------+---------+---------+-------
      Total |  781089 |  602607 |  43.6 |    1364 |     887 |  39.4
            +---------+---------+-------+---------+---------+-------
        D:1 |      43 |     217 |  83.5 |      11 |       4 |  26.7
        D:2 |     182 |      33 |  15.3 |      23 |       1 |   4.2
        D:3 |     181 |       0 |   0.0 |      15 |       0 |   0.0
        D:4 |      86 |       0 |   0.0 |      13 |       0 |   0.0
        D:5 |     592 |       0 |   0.0 |      16 |       0 |   0.0
        D:6 |     854 |       0 |   0.0 |      16 |       0 |   0.0
        D:7 |     813 |       0 |   0.0 |      17 |       0 |   0.0
        D:8 |    1301 |       0 |   0.0 |      28 |       0 |   0.0
        D:9 |    3920 |       0 |   0.0 |      20 |       0 |   0.0
       D:10 |    1039 |    1884 |  64.5 |      16 |      13 |  44.8
       D:11 |    3643 |    3614 |  49.8 |      11 |      15 |  57.7
       D:12 |    3356 |    2670 |  44.3 |       9 |       6 |  40.0
       D:13 |    5936 |     874 |  12.8 |      16 |       1 |   5.9
       D:14 |    4679 |   12936 |  73.4 |      13 |      20 |  60.6
       D:15 |    8343 |    4289 |  34.0 |      19 |       8 |  29.6
     Lair:1 |    4737 |     869 |  15.5 |      22 |       5 |  18.5
     Lair:2 |    5731 |       0 |   0.0 |      20 |       0 |   0.0
     Lair:3 |    3025 |    2187 |  42.0 |      14 |      16 |  53.3
     Lair:4 |    6473 |       0 |   0.0 |      30 |       0 |   0.0
     Lair:5 |    4464 |     484 |   9.8 |      11 |       1 |   8.3
     Lair:6 |   11949 |   10892 |  47.7 |      36 |      24 |  40.0
   Shoals:1 |    6484 |    4687 |  42.0 |      15 |       6 |  28.6
   Shoals:2 |    7263 |    1342 |  15.6 |      16 |       1 |   5.9
   Shoals:3 |   15505 |       0 |   0.0 |      28 |       0 |   0.0
   Shoals:4 |   18196 |   22205 |  55.0 |      39 |      33 |  45.8
    Snake:1 |   15994 |       0 |   0.0 |      34 |       0 |   0.0
    Snake:2 |   16875 |    9631 |  36.3 |      33 |      16 |  32.7
    Snake:3 |   18628 |    2600 |  12.2 |      33 |       3 |   8.3
    Snake:4 |   17004 |   20865 |  55.1 |      33 |      29 |  46.8
      Orc:1 |    3164 |     143 |   4.3 |      29 |       7 |  19.4
      Orc:2 |       0 |   21525 | 100.0 |       0 |     140 | 100.0
      Elf:1 |   15153 |   11327 |  42.8 |      24 |      18 |  42.9
      Elf:2 |   18540 |    3324 |  15.2 |      30 |       4 |  11.8
      Elf:3 |   31777 |   35286 |  52.6 |      55 |      32 |  36.8
   Vaults:1 |   36096 |   12872 |  26.3 |      52 |      17 |  24.6
   Vaults:2 |   21089 |   22349 |  51.5 |      35 |      24 |  40.7
   Vaults:3 |   21870 |   10127 |  31.6 |      36 |      11 |  23.4
   Vaults:4 |   23249 |   45526 |  66.2 |      34 |      63 |  64.9
   Vaults:5 |   12467 |   89097 |  87.7 |      16 |      80 |  83.3
    Crypt:1 |   14161 |       0 |   0.0 |      25 |       0 |   0.0
    Crypt:2 |   35376 |    1979 |   5.3 |      51 |       2 |   3.8
    Crypt:3 |      60 |   70847 |  99.9 |       1 |     108 |  99.1
   Depths:1 |   48861 |   14428 |  22.8 |      60 |      11 |  15.5
   Depths:2 |   30544 |   35567 |  53.8 |      39 |      32 |  45.1
   Depths:3 |   47219 |   39912 |  45.8 |      59 |      42 |  41.6
   Depths:4 |   25649 |   26195 |  50.5 |      26 |      23 |  46.9
      Zot:1 |   33763 |       0 |   0.0 |      25 |       0 |   0.0
      Zot:2 |   45978 |    1505 |   3.2 |      40 |       2 |   4.8
      Zot:3 |   50603 |       0 |   0.0 |      37 |       0 |   0.0
      Zot:4 |   46184 |    8676 |  15.8 |      37 |       7 |  15.9
      Zot:5 |   13988 |   19638 |  58.4 |      12 |      10 |  45.5
    Abyss:2 |    5500 |       0 |   0.0 |      13 |       0 |   0.0
    Abyss:3 |    7108 |       0 |   0.0 |      11 |       0 |   0.0
    Abyss:4 |     372 |       0 |   0.0 |       1 |       0 |   0.0
    Abyss:5 |    5022 |       0 |   0.0 |       9 |       0 |   0.0
     Bailey |       0 |    1841 | 100.0 |       0 |      18 | 100.0
     WizLab |       0 |   28164 | 100.0 |       0 |      34 | 100.0
            +---------+---------+-------+---------+---------+-------
